 Dungeon Crawl Stone Soup version 0.28-a0-794-gafe8c5f9e9 (webtiles) character file.

Game seed: 2987989442078243044

7 kae the Caller (level 2, 0/16 HPs)
             Began as a Tengu Summoner on Nov 5, 2021.
             Slain by a kobold (1 damage)
             ... on level 1 of the Dungeon.
             The game lasted 00:00:14 (680 turns).

kae the Caller (Tengu Summoner)                      Turns: 680, Time: 00:00:15

Health: 0/16       AC:  2    Str:  8    XL:     2   Next: 0%
Magic:  3/6        EV: 12    Int: 15    God:
Gold:   5          SH:  0    Dex: 14    Spells: 2/5 levels left

rFire   . . .      SeeInvis .   (no weapon)
rCold   . . .      Faith    .   (no shield)
rNeg    . . .      Spirit   .   a - +0 robe
rPois   .          Reflect  .   (helmet restricted)
rElec   .          Harm     .   (no cloak)
rCorr   .          Rampage  .   (no gloves)
Will    .....                   (boots unavailable)
Stlth   ++........              (no amulet)
HPRegen 0.05/turn               (no ring)
MPRegen 0.10/turn               (no ring)

@: no status effects
A: beak, talons 3
a: no special abilities


You were on level 1 of the Dungeon.
You visited 1 branch of the dungeon, and saw 1 of its levels.

You collected 5 gold pieces.

Inventory:

Armour
 a - a +0 robe (worn)


   Skills:
 + Level 0.4 Fighting
 + Level 2.3 Dodging
 - Level 2.0 Stealth
 + Level 2.1 Spellcasting
 * Level 5.0 Summonings


You had 2 spell levels left.
You knew the following spells:

 Your Spells              Type           Power      Damage    Failure   Level
a - Summon Small Mammal   Summ           64%        N/A       2%          1
b - Call Imp              Summ           16%        N/A       4%          2

Your spell library contained the following spells:

 Spells                   Type           Power      Damage    Failure   Level
 Call Canine Familiar     Summ           16%        N/A       9%          3
 Summon Guardian Golem    Hex/Summ       9%         N/A       24%         3
 Summon Lightning Spire   Summ/Air       9%         N/A       61%         4


Dungeon Overview and Level Annotations

Branches:
Dungeon (1/15)

Altars:


Innate Abilities, Weirdness & Mutations

You have a beak for a mouth.
You have claws for feet.


Message History

You hit the goblin.
The goblin is moderately wounded.
The goblin barely misses you.
A goblin is nearby!
You hit the goblin but do no damage. You claw the goblin.
You kill the goblin!
You have reached level 2!
You swap places.
Your quokka disappears in a puff of smoke!
Found a hunting sling.
Memorise Call Imp, consuming 2 spell levels and leaving 2?
You start memorising the spell.
You continue memorising. x2
You finish memorising.
Spell assigned to 'b'.
Found a stone staircase leading down.
You see here a +0 hunting sling. 2 kobolds come into view.
The kobold shouts! x2
The kobold throws a stone.
The stone closely misses you.
Casting: Summon Small Mammal (safe; 2% risk of failure)
Confirm with . or Enter, or press ? or * to list all spells.
The kobold throws a stone.
The stone hits your quokka.
A quokka and an endoplasm come into view.
The kobold hits your quokka with a +0 dagger.
Your quokka misses the kobold. The kobold barely misses your quokka.
The kobold throws a stone.
The stone barely misses your quokka. The stone hits you.
There are monsters nearby!
You swap places.
The kobold hits you with a +0 dagger.
You miss the quokka. You claw the quokka, but do no damage.
Your quokka barely misses the quokka.
The quokka bites you. The kobold hits you with a +0 dagger.
The kobold hits you with a +0 short sword.
* * * LOW HITPOINT WARNING * * *
There are monsters nearby!
Casting: Summon Small Mammal (safe; 2% risk of failure)
Confirm with . or Enter, or press ? or * to list all spells.
A beastly little devil appears in a puff of frigid air.
Your quokka bites the quokka.
The quokka closely misses you. The kobold hits you with a +0 dagger.
You die...

##..#########.### ###
##.........##.#.. ...
##.#######.##.#.##.###
.........#.##.#......
.#.#####.#)##.#......
.....# #........#.####
###### #.......5.....#.#
########....#.#.###....#
...............r@KJ.....
########..###.8.rK..8.##
#................
##.###....>....## #.#
#...........
#...........
#..........#
#.8.....8..#


You could see an endoplasm, a quokka (ally target), 2 kobolds, a friendly white
imp (summoned) and a friendly quokka (summoned).

Vanquished Creatures
  A ball python (D:1)
  An endoplasm (D:1)
  A giant cockroach (D:1)
  A frilled lizard (D:1)
  A goblin (D:1)
  A rat (D:1)
6 creatures vanquished.

Vanquished Creatures (collateral kills)
  A ball python (D:1)
1 creature vanquished.

Grand Total: 7 creatures vanquished

Notes
Turn   | Place    | Note
-------+----------+-------------------------------------------
     0 | D:1      | kae the Tengu Summoner began the quest for the Orb.
     0 | D:1      | Reached XP level 1. HP: 10/10 MP: 4/4
   552 | D:1      | Reached skill level 5 in Summonings
   633 | D:1      | Reached XP level 2. HP: 16/16 MP: 6/6
   669 | D:1      | Learned a level 2 spell: Call Imp
   680 | D:1      | Slain by a kobold

Illustrated notes

Levels and vault maps discovered:
D:1:      noname_arrival_rooms_in_the_neighbourhood, layout_basic,
          chequers_ecumenical_altar_twisty, st_stairs_1

Skill      XL: |  1 |
---------------+----+-----
Summonings     | 5 |  5.0
Fighting       | |  0.4
Dodging        | |  2.3
Stealth        | |  2.0
Spellcasting   | |  2.1

Action                   || total
-------------------------++-------
Melee: Unarmed           ||    21
       Kick              ||     6
       Peck              ||     5
 Cast: Summon Small Mamm ||     8
       Call Imp          ||     1
 Stab: Sleeping          ||     1
Armor: Robe              ||     2
Dodge: Dodged            ||    22

Table legend: (Time is in decaauts)
 A = Elapsed time spent in this place.
 B = Non-inter-level travel time spent in this place.
 C = Inter-level travel time spent in this place.
 D = Time resting spent in this place.
 E = Time spent auto-exploring this place.
 F = Levels seen in this place.
 G = Mean time per level.
                   A        B        C        D        E       F      G
               +--------+--------+--------+--------+--------+-----+--------+
         Total |    680 |    680 |      0 |      0 |    601 |   1 |  680.0 |
       Dungeon |    680 |    680 |      0 |      0 |    601 |   1 |  680.0 |
               +--------+--------+--------+--------+--------+-----+--------+

Top non-repeatable levels by time:
     D:1: 680 daAuts
